 Dungeon Crawl Stone Soup version 0.29-a0-23-ga79f92ac9c (webtiles) character file.

Game seed: 17218200510338430140

125 arthad the Grasshopper (level 5, -1/43 HPs)
             Began as a Gnoll Warper on Jan 30, 2022.
             Slain by a river rat (7 damage)
             ... in a sewer.
             The game lasted 00:10:00 (3507 turns).

arthad the Grasshopper (Gnoll Warper)               Turns: 3507, Time: 00:10:01

Health: -1/43      AC:  3    Str: 11      XL:     5   Next: 9%
Magic:  0/12       EV: 17    Int: 13 (14) God:
Gold:   27         SH:  0    Dex: 13      Spells: 3/14 levels left

rFire   . . .      SeeInvis .   l - +0 dagger (elec)
rCold   . . .      Faith    .   o - orb {mayhem}
rNeg    . . .      Spirit   +   b - +0 leather armour
rPois   .          Reflect  .   (no helmet)
rElec   .          Harm     .   (no cloak)
rCorr   +          Rampage  .   (no gloves)
Will    .....      Rage     3%  (no boots)
Stlth   +.........              m - amulet of guardian spirit
HPRegen 0.14/turn               g - +4 ring of evasion
MPRegen 0.13/turn               q - ring of resist corrosion

@: no status effects
A: fangs 1, strong nose, distributed training, agile 1, berserk 2, deterioration
1
a: no special abilities


You were in a sewer.
You visited 1 branch of the dungeon, and saw 3 of its levels.
You also visited: Sewer.

You collected 27 gold pieces.

Inventory:

Hand Weapons
 a - a +0 hand axe
 l - a +0 dagger of electrocution (weapon)
Missiles
 d - 5 boomerangs of dispersal (quivered)
Armour
 b - a +0 leather armour (worn)
 e - a +0 buckler
 o - an orb of mayhem (worn)
Jewellery
 g - a +4 ring of evasion (left hand)
 m - an amulet of guardian spirit (around neck)
 q - a ring of resist corrosion (right hand)
Scrolls
 c - a scroll of enchant weapon {unknown}
 f - a scroll of immolation {unknown}
 h - a scroll of fog {unknown}
 i - a scroll of identify
Potions
 n - a potion of lignification


   Skills:
 + Level 4.7 Fighting
 + Level 1.3 Short Blades
 + Level 1.3 Long Blades
 + Level 4.7 Axes
 + Level 1.3 Maces & Flails
 + Level 1.3 Polearms
 + Level 1.3 Staves
 + Level 1.3 Slings
 + Level 1.3 Bows
 + Level 1.3 Crossbows
 + Level 2.9 Throwing
 + Level 2.9 Armour
 + Level 4.7 Dodging
 + Level 1.3 Stealth
 + Level 1.3 Shields
 + Level 1.3 Unarmed Combat
 + Level 5.1 Spellcasting
 + Level 1.1 Conjurations
 + Level 1.1 Hexes
 + Level 1.1 Summonings
 + Level 1.1 Necromancy
 + Level 5.5 Translocations
 + Level 1.1 Transmutations
 + Level 1.1 Fire Magic
 + Level 1.1 Ice Magic
 + Level 1.1 Air Magic
 + Level 1.1 Earth Magic
 + Level 1.1 Poison Magic
 + Level 1.5 Invocations
 + Level 1.3 Evocations


You had 3 spell levels left.
You knew the following spells:

 Your Spells              Type           Power      Damage    Failure   Level
a - Blink                 Tloc           34%        N/A       3%          2
b - Gell's Gravitas       Tloc           17%        N/A       8%          3
c - Lesser Beckoning      Tloc           17%        N/A       8%          3
d - Teleport Other        Tloc           17%        N/A       8%          3

Your spell library contained the following spells:

 Spells                   Type           Power      Damage    Failure   Level
 Beastly Appendage        Tmut           12%        N/A       16%         1
 Wereblood                Tmut           6%         N/A       22%         2
 Spider Form              Tmut/Pois      6%         N/A       41%         3
 Manifold Assault         Tloc           17%        N/A       56%         5


Dungeon Overview and Level Annotations

Branches:
Dungeon (3/15)              Sewer (1/1)

Altars:

Shops:
D:3 =


Innate Abilities, Weirdness & Mutations

You have very sharp teeth.
Your uncanny sense of smell can sniff out nearby items.
Your experience applies equally to all skills.
You are agile. (Dex +2)
You often lose your temper in combat.
Your body sometimes deteriorates upon taking damage.


Message History

You are too injured to fight recklessly!
You are too injured to fight recklessly!
You are too injured to fight recklessly!
You are too injured to fight recklessly!
You are too injured to fight recklessly!
You are too injured to fight recklessly!
You barely miss the river rat. The river rat bites you.
The river rat closely misses you.
You hit the river rat but do no damage.
Lightning courses through the river rat!!
You kill the river rat!
The river rat flies into a frenzy!
The river rat misses you. The river rat closely misses you.
You barely miss the river rat. The river rat closely misses you.
You hit the river rat but do no damage.
The river rat bites you but does no damage.
The river rat bites you!
* * * LOW HITPOINT WARNING * * *
You closely miss the river rat. The river rat bites you.
* * * LOW HITPOINT WARNING * * *
You hit the river rat.
The river rat is moderately wounded.
The river rat barely misses you. The river rat completely misses you.
You hit the river rat but do no damage.
The river rat is moderately wounded.
The river rat barely misses you.
You hit the river rat but do no damage.
The river rat is moderately wounded.
The river rat closely misses you.
You hit the river rat.
The river rat is moderately wounded.
The river rat closely misses you. The river rat misses you.
You hit the river rat.
You bite the river rat, but do no damage.
The river rat is heavily wounded.
The river rat bites you.
You hit the river rat but do no damage. Your bite misses the river rat.
The river rat is heavily wounded.
The river rat bites you!
You die...

≈.≈≈# ∆ ≈≈≈≈# ∆ ∆ #≈≈≈# ∆ ∆
#### #≈≈.# ∆ #... #≈≈.#
#####'r#####≈≈≈#
.......@..≈≈≈≈.#
.........≈.≈≈≈.#
#####++#####≈≈†# ∆∆∆∆ #≈≈.#
#≈≈≈#
#####################≈≈≈#######
≈≈≈≈≈.≈≈≈≈≈≈≈≈≈≈....≈≈≈≈≈≈≈≈≈≈≈
≈≈≈≈≈≈≈≈≈≈≈≈≈≈≈≈≈≈≈≈≈≈≈.≈≈≈≈≈≈≈
..≈≈.≈≈≈≈≈≈≈≈≈..≈.≈≈≈≈≈≈≈≈≈≈≈≈≈


You could see a neutral river rat (fast, strong, insane).

Vanquished Creatures
  4 adders
  2 river rats (Sewer)
  A dart slug (D:1)
  7 endoplasms
  3 giant cockroaches
  5 goblins
  6 hobgoblins
  8 jackals
  5 kobolds
  2 quokkas
  3 ball pythons
  8 bats
  A frilled lizard (D:2)
  5 rats
60 creatures vanquished.

Vanquished Creatures (others)
  A jackal (D:3)
1 creature vanquished.

Grand Total: 61 creatures vanquished

Notes
Turn   | Place    | Note
-------+----------+-------------------------------------------
     0 | D:1      | arthad the Gnoll Warper began the quest for the Orb.
     0 | D:1      | Reached XP level 1. HP: 20/20 MP: 6/6
    40 | D:1      | Reached XP level 2. HP: 22/26 MP: 7/7
   697 | D:1      | Learned a level 2 spell: Blink
   912 | D:1      | Found a faded altar of an unknown god.
   934 | D:1      | Reached XP level 3. HP: 23/31 MP: 9/9
  1042 | D:1      | Reached skill level 5 in Spellcasting
  1185 | D:1      | Reached skill level 1 in Invocations
  1947 | D:1      | You fall into a shaft and drop 1 floor!
  2210 | D:2      | Learned a level 3 spell: Gell's Gravitas
  2214 | D:2      | Learned a level 3 spell: Lesser Beckoning
  2218 | D:2      | Learned a level 3 spell: Teleport Other
  2243 | D:2      | Reached skill level 1 in Short Blades
  2243 | D:2      | Reached skill level 1 in Long Blades
  2243 | D:2      | Reached skill level 1 in Maces & Flails
  2243 | D:2      | Reached skill level 1 in Polearms
  2243 | D:2      | Reached skill level 1 in Staves
  2243 | D:2      | Reached skill level 1 in Slings
  2243 | D:2      | Reached skill level 1 in Bows
  2243 | D:2      | Reached skill level 1 in Crossbows
  2243 | D:2      | Reached skill level 1 in Stealth
  2243 | D:2      | Reached skill level 1 in Shields
  2243 | D:2      | Reached skill level 1 in Unarmed Combat
  2243 | D:2      | Reached skill level 1 in Evocations
  2243 | D:2      | Reached XP level 4. HP: 28/38 MP: 11/11
  2988 | D:3      | Noticed a water moccasin
  2994 | D:3      | Gained mutation: You tend to lose your temper in combat.
                  | [potion of mutation]
  2994 | D:3      | Gained mutation: You often lose your temper in combat.
                  | [potion of mutation]
  2994 | D:3      | Gained mutation: Your body sometimes deteriorates upon
                  | taking damage. [potion of mutation]
  2994 | D:3      | Gained mutation: You are agile. (Dex +2) [potion of
                  | mutation]
  3002 | D:3      | Found Fudoiluss's Jewellery Shop.
  3052 | D:3      | Reached skill level 1 in Conjurations
  3052 | D:3      | Reached skill level 1 in Hexes
  3052 | D:3      | Reached skill level 1 in Summonings
  3052 | D:3      | Reached skill level 1 in Necromancy
  3052 | D:3      | Reached skill level 1 in Transmutations
  3052 | D:3      | Reached skill level 1 in Fire Magic
  3052 | D:3      | Reached skill level 1 in Ice Magic
  3052 | D:3      | Reached skill level 1 in Air Magic
  3052 | D:3      | Reached skill level 1 in Earth Magic
  3052 | D:3      | Reached skill level 1 in Poison Magic
  3109 | D:3      | Found a glowing drain.
  3113 | Sewer    | Entered a sewer
  3492 | Sewer    | Reached XP level 5. HP: 32/43 MP: 9/12
  3507 | Sewer    | Slain by a river rat

Illustrated notes

Levels and vault maps discovered:
D:1:      grunt_arrival_lava_bath, layout_basic,
          nicolae_ecumenical_snake_handling
D:2:      layout_loops_ring
D:3:      layout_rooms, elyvilon_altar_1, amcnicky_altar_gilded,
          mainiacjoe_overflow_six_doors_small, gup_sewer_entry_spiral,
          serial_shops, nicolae_shop_waterfront, shop, shop_fountains,
          shop_statue
Sewer:    sewer_fruit_machine

Skill      XL: |  1  2  3  4 |
---------------+-------------+-----
Spellcasting   | 5 |  5.1
Invocations    | 1 |  1.5
Short Blades   | 1 |  1.3
Long Blades    | 1 |  1.3
Maces & Flails | 1 |  1.3
Polearms       | 1 |  1.3
Staves         | 1 |  1.3
Slings         | 1 |  1.3
Bows           | 1 |  1.3
Crossbows      | 1 |  1.3
Stealth        | 1 |  1.3
Shields        | 1 |  1.3
Unarmed Combat | 1 |  1.3
Evocations     | 1 |  1.3
Conjurations   | 1 |  1.1
Hexes          | 1 |  1.1
Summonings     | 1 |  1.1
Necromancy     | 1 |  1.1
Transmutations | 1 |  1.1
Fire Magic     | 1 |  1.1
Ice Magic      | 1 |  1.1
Air Magic      | 1 |  1.1
Earth Magic    | 1 |  1.1
Poison Magic   | 1 |  1.1
Fighting       | |  4.7
Axes           | |  4.7
Throwing       | |  2.9
Armour         | |  2.9
Dodging        | |  4.7
Translocations | |  5.5

Action                   |  1- 3 |  4- 6 || total
-------------------------+-------+-------++-------
Melee: Hand axe          |   158 |    34 ||   192
       Bite              |    11 |    13 ||    24
       Dagger            |       |    70 ||    70
  Use: Scroll            |       |     5 ||     5
       Potion            |       |     3 ||     3
 Stab: Sleeping          |     1 |       ||     1
Armor: Leather armour    |    54 |    25 ||    79
Dodge: Dodged            |   167 |   199 ||   366
Block: Buckler           |    18 |     1 ||    19

Table legend: (Time is in decaauts)
 A = Elapsed time spent in this place.
 B = Non-inter-level travel time spent in this place.
 C = Inter-level travel time spent in this place.
 D = Time resting spent in this place.
 E = Time spent auto-exploring this place.
 F = Levels seen in this place.
 G = Mean time per level.
                   A        B        C        D        E       F      G
               +--------+--------+--------+--------+--------+-----+--------+
         Total |   3595 |   3527 |     68 |    862 |   2059 |   4 |  898.8 |
       Dungeon |   3149 |   3081 |     68 |    605 |   1926 |   3 | 1049.7 |
         Sewer |    446 |    446 |      0 |    257 |    133 |   1 |  446.0 |
               +--------+--------+--------+--------+--------+-----+--------+

Top non-repeatable levels by time:
     D:1: 2146 daAuts
     D:2: 857 daAuts
   Sewer: 446 daAuts
     D:3: 145 daAuts
